 Dungeon Crawl Stone Soup version 0.28.0-53-g5a82cb258f (webtiles) character file.

Game seed: 5512014091176425202

161 DocClef the Cudgeller (level 5, -1/32 HPs)
             Began as a Gargoyle Monk on July 5, 2022.
             Was a Priest of Trog.
             Slain by Crazy Yiuf
             ... wielding a +2 quarterstaff of chaos
              (5 damage)
             ... on level 4 of the Dungeon.
             The game lasted 00:02:23 (3534 turns).

DocClef the Cudgeller (Gargoyle Monk)               Turns: 3534, Time: 00:02:23

Health: -1/32      AC: 14    Str: 17    XL:     5   Next: 42%
Magic:  5/5        EV:  5    Int: 10    God:    Trog [***...]
Gold:   116        SH:  0    Dex: 12    Spells: 4/4 levels left

rFire   . . .      SeeInvis .   a - +0 mace
rCold   . . .      Faith    .   (no shield)
rNeg    + . .      Spirit   .   c - +0 plate armour
rPois   ∞          Reflect  .   (no helmet)
rElec   +          Harm     .   (no cloak)
rCorr   .          Rampage  .   (no gloves)
Will    .....                   (no boots)
Stlth   ..........              (no amulet)
HPRegen 0.10/turn               (no ring)
MPRegen 0.09/turn               (no ring)

@: hasted, very quick
A: sickness immunity, AC +4, negative energy resistance 1, electricity
resistance, torment resistance 1, petrification resistance
a: Renounce Religion, Berserk, Trog's Hand


You were on level 4 of the Dungeon.
You worshipped Trog.
Trog was most pleased with you.
You visited 1 branch of the dungeon, and saw 4 of its levels.

You collected 116 gold pieces.

Inventory:

Hand Weapons
 a - a +0 mace (weapon)
Armour
 b - a +0 robe
 c - a +0 plate armour (worn)
Wands
 p - a wand of iceblast (7)
Scrolls
 e - a scroll of fog {unknown}
 k - 2 scrolls of identify {unknown}
 q - a scroll of teleportation {unknown}
 s - a scroll of acquirement {unknown}
Potions
 d - 2 potions of resistance {unknown}
 f - 3 potions of haste {unknown}
 g - a potion of curing {unknown}
 h - a potion of cancellation {unknown}
 i - a potion of might {unknown}
 j - a potion of flight {unknown}
 l - a potion of attraction {unknown}
 m - a potion of lignification {unknown}
 n - 2 potions of heal wounds {unknown}
 o - 2 potions of brilliance {unknown}
 r - a potion of mutation {unknown}
 t - a potion of berserk rage {unknown}
 u - a potion of degeneration {unknown}


   Skills:
 - Level 3.2 Fighting
 + Level 5.9 Maces & Flails
 - Level 2.4 Dodging
 - Level 2.1 Stealth


You had 4 spell levels left.
You didn't know any spells.
Your spell library contained the following spells:

 Spells                   Type           Power      Damage    Failure   Level
 Animate Skeleton         Necr           0%         N/A       100%        1
 Apportation              Tloc           0%         N/A       100%        1
 Summon Small Mammal      Summ           0%         N/A       100%        1


Dungeon Overview and Level Annotations

Branches:
Dungeon (4/15)             Temple (0/1) D:4

Altars:
Dithmenos
Gozag
Hepliaklqana
Okawaru
Trog
Wu Jian
The Shining One

Annotations:
D:4 Crazy Yiuf


Innate Abilities, Weirdness & Mutations

You are immune to sickness and miasma.
Your stone body is resilient. (AC +4)
You are immune to poison.
You resist negative energy. (rN+)
You are resistant to electric shocks. (rElec)
You are resistant to unholy torment.
You are immune to petrification.


Message History

You see here a +0 mace.
No target in view!
No target in view!
No target in view!
No target in view!
No target in view!
No target in view!
Found a mace.
Crazy Yiuf shouts!
Found two maces.
You open the door.
Crazy Yiuf screams, "Adder seventy return to song!"
You hit Crazy Yiuf.
Crazy Yiuf is moderately wounded.
Crazy Yiuf hits you with a +2 quarterstaff of chaos!
Crazy Yiuf burns you.
You hit Crazy Yiuf.
Crazy Yiuf is heavily wounded.
Crazy Yiuf screams, "Fire!
Cod hog koolooloo."
Crazy Yiuf hits you with a +2 quarterstaff of chaos.
You feel yourself speed up.
Crazy Yiuf hits you with a +2 quarterstaff of chaos.
Crazy Yiuf burns you.
You barely miss Crazy Yiuf.
Crazy Yiuf is heavily wounded.
You hit Crazy Yiuf.
Crazy Yiuf is severely wounded.
Crazy Yiuf barely misses you.
You barely miss Crazy Yiuf.
Crazy Yiuf is severely wounded.
Crazy Yiuf hits you with a +2 quarterstaff of chaos!
* * * LOW HITPOINT WARNING * * *
Crazy Yiuf freezes you.
* * * LOW HITPOINT WARNING * * *
You hit Crazy Yiuf but do no damage.
Crazy Yiuf is severely wounded.
You hit Crazy Yiuf but do no damage.
Crazy Yiuf is severely wounded.
Crazy Yiuf hits you with a +2 quarterstaff of chaos.
You die...

#....###.......#
##..##
#......###
♣....♣
#####....###
♣♣..)♣
###........#
♣♣.♣♣
#...#######.
♣♣)♣
#...#.....##
♣.♣♣ #...#.....#
♣♣.♣ #...#.....#
♣@♣♣ #...'..>..#
#g# #...#.....#
... #...#.....#
#.))#
#...#.....# #..
#).)#
#...###'### #.#
##### #.....#.#
#.# #.......#
#.# ##...####
#.#########
#....##


You could see Crazy Yiuf.

Vanquished Creatures
  A hound (D:3)
  A jelly (D:4)
  4 adders
  3 worms (D:2)
  2 endoplasms
  3 giant cockroaches
  5 goblins
  8 hobgoblins
  4 jackals
  9 kobolds
  A quokka (D:4)
  4 ball pythons
  3 bats
  3 frilled lizards
  6 rats
  4 toadstools (D:1)
61 creatures vanquished.

Notes
Turn   | Place    | Note
-------+----------+-------------------------------------------
     0 | D:1      | DocClef the Gargoyle Monk began the quest for the Orb.
     0 | D:1      | Reached XP level 1. HP: 14/14 MP: 1/1
   256 | D:1      | Reached XP level 2. HP: 15/19 MP: 2/2
   884 | D:2      | Reached skill level 4 in Maces & Flails
   918 | D:1      | Reached XP level 3. HP: 7/23 MP: 3/3
  1577 | D:2      | Reached XP level 4. HP: 23/28 MP: 4/4
  1743 | D:2      | Found a faded altar of an unknown god.
  1795 | D:2      | Prayed at the altar of an unknown god.
  1795 | D:2      | Became a worshipper of Trog the Wrathful
  1795 | D:2      | Reached * piety under Trog
  1795 | D:2      | Reached ** piety under Trog
  1975 | D:3      | Reached skill level 5 in Maces & Flails
  2037 | D:3      | Found a shadowy altar of Dithmenos.
  2037 | D:3      | Found an iron altar of Okawaru.
  2043 | D:3      | Found an opulent altar of Gozag.
  2045 | D:3      | Found a glowing golden altar of the Shining One.
  2068 | D:3      | Found an ornate altar of the Wu Jian Council.
  2370 | D:3      | Found a hazy altar of Hepliaklqana.
  2371 | D:3      | Reached *** piety under Trog
  2479 | D:3      | Found a faded altar of an unknown god.
  2484 | D:3      | Found a bloodstained altar of Trog.
  2508 | D:3      | Reached XP level 5. HP: 30/32 MP: 5/5
  3163 | D:4      | Found a staircase to the Ecumenical Temple.
  3523 | D:4      | Found a runed translucent door.
  3524 | D:4      | Noticed Crazy Yiuf
  3534 | D:4      | Slain by Crazy Yiuf

Illustrated notes

Levels and vault maps discovered:
D:1:      ldierk_water_garden, layout_loops_ring
D:2:      layout_basic, basic_ecumenical_altar
D:3:      layout_basic, nicolae_overflow_ecumenical_swirl,
          chequers_temple_overflow_minitemple, mainiacjoe_overflow_paths,
          kennysheep_boxes
D:4:      layout_cave_pods, temple_green, uniq_edmund, uniq_crazy_yiuf_cottage

Skill      XL: |  1  2  3  4 |
---------------+-------------+-----
Maces & Flails | 4 5 |  5.9
Fighting       | |  3.2
Dodging        | |  2.4
Stealth        | |  2.1

Action                   |  1- 3 |  4- 6 || total
-------------------------+-------+-------++-------
Melee: Mace              |   119 |   102 ||   221
       Punch             |     1 |     1 ||     2
 Stab: Sleeping          |     1 |       ||     1
Armor: Plate armour      |   116 |    61 ||   177
Dodge: Dodged            |    35 |    33 ||    68
